 Dungeon Crawl Stone Soup version 0.27-a0-1193-g8631133539 (webtiles) character file.

Game seed: 13096250414992938904

63 freelancePsychic the Sneak (level 3, -3/29 HPs)
             Began as a Demonspawn Delver on May 27, 2021.
             Was a Believer of Uskayaw.
             Succumbed to a goblin's poison
             ... on level 2 of the Dungeon.
             The game lasted 00:07:41 (1498 turns).

freelancePsychic the Sneak (Demonspawn Delver)      Turns: 1498, Time: 00:07:41

Health: -3/29      AC:  5    Str: 13    XL:     3   Next: 89%
Magic:  1/4        EV: 10    Int: 11    God:    Uskayaw [**....]
Gold:   52         SH:  0    Dex: 14    Spells: 2/2 levels left

rFire    . . .     SeeInvis .   a - +0 mace
rCold    + . .     Faith    .   (no shield)
rNeg     . . .     Spirit   .   e - +0 ring mail
rPois    .         Reflect  .   (no helmet)
rElec    .         Harm     .   (no cloak)
rCorr    .         Rampage  .   (no gloves)
Will     .....                  (no boots)
Stlth    ++........             (no amulet)
HPRegen  2.09/turn              d - ring of protection from cold
MPRegen  0.09/turn              (no ring)

@: lethally poisoned (-3 -> -18)
A: talons 1, powered by death 1
a: Renounce Religion, Stomp, Line Pass


You were on level 2 of the Dungeon.
You worshipped Uskayaw.
Uskayaw was noncommittal.
You visited 2 branches of the dungeon, and saw 6 of its levels.

You collected 52 gold pieces.

Inventory:

Hand Weapons
 a - a +0 mace (weapon)
 h - a +0 dagger
Armour
 b - a +0 leather armour
 e - a +0 ring mail (worn)
Jewellery
 d - a ring of protection from cold (left hand)
Wands
 g - a wand of digging (3)
Scrolls
 c - a scroll of fog
 f - a scroll of blinking {unknown}
 i - a scroll of silence {unknown}


   Skills:
 + Level 3.6 Fighting
 - Level 0.2(0.5) Short Blades
 + Level 0.9(1.0) Long Blades
 - Level 2.4 Maces & Flails
 - Level 1.7 Dodging
 - Level 4.5 Stealth
 + Level 2.3 Invocations


You had 2 spell levels left.
You didn't know any spells.
Your spell library was empty.

Dungeon Overview and Level Annotations

Branches:
Dungeon (5/15)             Temple (1/1) D:4

Altars:
Ashenzari
Cheibriados
Dithmenos
Fedhas
Gozag
Kikubaaqudgha
Nemelex Xobeh
Okawaru
Qazlal
Ru
Sif Muna
Uskayaw
The Shining One


Innate Abilities, Weirdness & Mutations

You have sharp toenails.
You regenerate a little health from kills.


Message History

A goblin comes into view. It is wielding a +1 dagger of venom.
You closely miss the hobgoblin. Your kick misses the hobgoblin.
The hobgoblin closely misses you.
The hobgoblin hits you but does no damage.
You sock the hobgoblin!
You kill the hobgoblin!
You hit Robin.
Robin is lightly wounded.
Robin barely misses you. Robin throws the goblin at you!
Uskayaw will force your foes to helplessly watch your dance.
Uskayaw prepares the audience for your solo!
The helpless Robin fails to defend themself.
You hit Robin. You claw Robin.
Robin is severely wounded.
Robin is no longer paralysed.
The goblin is no longer paralysed.
The goblin hits you with a +1 dagger of venom.
You are poisoned.
Robin hits you with a +0 club.
The goblin hits you with a +1 dagger of venom.
You are more poisoned.
You are too injured to fight recklessly!
You are too injured to fight recklessly!
You are too injured to fight recklessly!
You are too injured to fight recklessly!
You are too injured to fight recklessly!
You feel very sick.
The goblin hits you with a +1 dagger of venom.
You are more poisoned.
Items here: ( ))).
* * * LOW HITPOINT WARNING * * *
You feel very sick.
The goblin hits you with a +1 dagger of venom.
* * * LOW HITPOINT WARNING * * *
You are more poisoned.
You aren't carrying any potions.
You aren't carrying any potions.
You aren't carrying any potions.
You stomp with the beat, sending a shockwave through the revellers around you!
You kill the goblin!
You kill Robin!
You die...

#####....####
#..>....##
#.###.######
#......#
###.####.#
#.....##.#
#.#.#.##..
#......#.#
#.#.#@.#.# ###
#....))#.# ...##
#.#.##g#.##....##
#.#.##)#.....g..#
# #.##....g..g..g
#.#########g..g
#.# g ### #.# #.
##.# ..# ##.. ..#


You could see a goblin (strong).

Vanquished Creatures
  Robin (D:2)
  An adder (D:2)
  2 dart slugs
  An endoplasm (D:1)
  A giant cockroach (D:2)
  11 goblins
  7 hobgoblins
  7 jackals
  A kobold (D:2)
  4 quokkas
  A ball python (D:2)
  2 bats
  2 frilled lizards (D:1)
  3 rats
44 creatures vanquished.

Notes
Turn   | Place    | Note
-------+----------+-------------------------------------------
     0 | D:5      | freelancePsychic the Demonspawn Delver began the quest for
                  | the Orb.
     0 | D:5      | Reached XP level 1. HP: 18/18 MP: 1/1
     8 | D:4      | Found a staircase to the Ecumenical Temple.
     8 | D:4      | Noticed a jelly
    17 | Temple   | Entered the Ecumenical Temple
    81 | Temple   | Became a worshipper of Uskayaw the Reveller
   182 | D:2      | Reached * piety under Uskayaw
   190 | D:2      | Reached ** piety under Uskayaw
   326 | D:1      | Reached skill level 1 in Invocations
   326 | D:1      | Gained mutation: You regenerate a little health from kills.
                  | [demonic ancestry]
   326 | D:1      | Reached XP level 2. HP: 14/24 MP: 2/2
   326 | D:1      | Reached *** piety under Uskayaw
   920 | D:1      | Gained mutation: You have sharp toenails. [demonic
                  | ancestry]
   920 | D:1      | Reached XP level 3. HP: 9/29 MP: 4/4
  1296 | D:2      | Found a faded altar of an unknown god.
  1469 | D:2      | Identified the +0 helmet "Lakuer" {rPois rN+ Str+3}
  1469 | D:2      | Noticed Robin
  1498 | D:2      | Killed Robin
  1498 | D:2      | Succumbed to a goblin's poison

Illustrated notes

Levels and vault maps discovered:
D:1:      sevenhm_arrival_forest_fort_small_3, layout_basic
D:2:      layout_loops_ring, hellmonk_ecumenical_altar_blasted, basic_altar,
          nrook_mini_backslash, uniq_robin
D:3:      layout_rooms, serial_glass, glass_columns_a, glass_columns_a,
          glass_columns_a, glass_columns_a, glass_columns_a, glass_columns_a,
          small_statue_intersection, bh_walls_and_bars, uniq_grinder,
          uniq_crazy_yiuf_cottage
D:4:      layout_basic, tgw_xom, lemuel_coloured_pillars_altar,
          old_standard_altar, minmay_temple_entry_grid,
          biasface_ghost_orc_armoury, minmay_manual_moon, uniq_eustachio,
          uniq_blork_the_orc
D:5:      layout_loops_ring
Temple:   nicolae_temple_god_jail

Skill      XL: |  1  2  3 |
---------------+----------+-----
Maces & Flails | 2 |  2.4
Invocations    | 1 2 |  2.3
Fighting       | |  3.6
Short Blades   | |  0.2
Long Blades    | |  0.9
Dodging        | |  1.7
Stealth        | |  4.5

Action                   || total
-------------------------++-------
Melee: Mace              ||    92
       Dagger            ||    49
       Kick              ||     7
Invok: Stomp             ||     1
  Use: Scroll            ||     2
       Potion            ||     1
 Stab: Paralysed         ||     1
       Sleeping          ||     1
Armor: Leather armour    ||     5
       Ring mail         ||    62
Dodge: Dodged            ||    86

Table legend: (Time is in decaauts)
 A = Elapsed time spent in this place.
 B = Non-inter-level travel time spent in this place.
 C = Inter-level travel time spent in this place.
 D = Time resting spent in this place.
 E = Time spent auto-exploring this place.
 F = Levels seen in this place.
 G = Mean time per level.
                   A        B        C        D        E       F      G
               +--------+--------+--------+--------+--------+-----+--------+
         Total |   1503 |   1465 |     38 |    531 |    499 |   6 |  250.5 |
       Dungeon |   1425 |   1392 |     33 |    531 |    442 |   5 |  285.0 |
        Temple |     77 |     72 |      5 |      0 |     57 |   1 |   77.0 |
               +--------+--------+--------+--------+--------+-----+--------+

Top non-repeatable levels by time:
     D:1: 917 daAuts
     D:2: 419 daAuts
  Temple: 77 daAuts
     D:4: 43 daAuts
     D:3: 37 daAuts
     D:5: 8 daAuts
